 Dungeon Crawl Stone Soup version bcrawl-1.21 (webtiles) character file.

Game seed: 9160517790937107492

214 MisterOstroum the Skirmisher (level 5, -2/41 HPs)
             Began as a Mummy Wanderer on Feb 16, 2020.
             Killed from afar by Pikel (12 damage)
             ... with a wand of iceblast (4)
             ... on level 4 of the Dungeon.
             The game lasted 00:15:44 (4978 turns).

MisterOstroum the Skirmisher (Mummy Wanderer)       Turns: 4978, Time: 00:15:45

Health: -2/41      AC:  3    Str: 22    XL:     5   Next: 59%
Magic:  5/5        EV: 12    Int: 10    God:
Gold:   226        SH:  0    Dex: 11    Spells: 4/4 levels left

rFire    x . .     SeeInvis .   b - +0 blowgun
rCold    + . .     Gourm    .   (no shield)
rNeg     + + +     Faith    .   f - +0 leather armour
rPois    ∞         Spirit   .   (no helmet)
rElec    .         Reflect  .   (no cloak)
rCorr    .         Harm     .   (no gloves)
MR       .....     Clarity  +   (no boots)
Stlth    ++........             (no amulet)
HPRegen  0.13/turn              k - +4 ring of strength
MPRegen  0.09/turn              (no ring)

@: no status effects
A: no food or potions, fire vulnerability, clarity, cold resistance 1, negative
energy resistance 3, torment resistance, unbreathing
a: no special abilities


You were on level 4 of the Dungeon.
You were not hungry.

You visited 1 branch of the dungeon, and saw 4 of its levels.

You collected 226 gold pieces.

Inventory:

Hand Weapons
 a - a +3 whip
 b - a +0 blowgun (weapon)
 d - a +2 quarterstaff
 n - a +4 dagger
 o - a +0 mace
 s - a +0 spear
Missiles
 g - 518 stones
 i - 298 arrows
 j - 296 poisoned needles (quivered)
 l - 116 bolts
 m - 141 javelins
 p - 237 sling bullets
Armour
 c - a +0 robe
 f - a +0 leather armour (worn)
Jewellery
 k - a +4 ring of strength (left hand)
Scrolls
 e - a scroll of teleportation {@r3 !r}
 q - a scroll of magic mapping {@r5 !r}
 u - 2 scrolls of enchant weapon


   Skills:
 * Level 3.5 Fighting
 * Level 1.6(2.6) Maces & Flails
 - Level 3.1(3.4) Staves
 - Level 1.0 Throwing
 - Level 1.5 Armour
 + Level 1.7 Dodging
 + Level 2.3 Stealth


You had 4 spell levels left.
You didn't know any spells.
Your spell library was empty.

Dungeon Overview and Level Annotations

Branches:
Dungeon (4/12)
 Temple: D:4-7

Altars:
Ashenzari
Nemelex Xobeh
Xom
Zin
The Shining One

Annotations:
D:4 exclusions: iguana and 1 more exclusion, Pikel


Innate Abilities, Weirdness & Mutations

You do not eat or drink.
Your flesh is vulnerable to fire.
You are immune to poison.
You possess an exceptional clarity of mind.
Your flesh is cold resistant. (rC+)
You are immune to negative energy. (rN+++)
You are immune to unholy pain and torment.
You can survive without breathing.


Message History

The gnoll is poisoned.
Firing (i - inventory. (/) - cycle)
j - 308 poisoned needles (quivered)
Press: ? - help, Shift-Dir - straight line, f/p - gnoll
Aim: a gnoll, wielding a +0 flail of holy wrath and wearing an uncursed ring of protection from magic (poisoned)
You shoot a poisoned needle.
The poisoned needle barely misses the gnoll.
The gnoll looks more healthy.
Firing (i - inventory. (/) - cycle)
j - 307 poisoned needles (quivered)
Press: ? - help, Shift-Dir - straight line, f/p - gnoll
Aim: a gnoll, wielding a +0 flail of holy wrath and wearing an uncursed ring of protection from magic (heavily wounded)
You shoot a poisoned needle.
The poisoned needle closely misses the gnoll.
Unknown command.
Really walk into a travel-excluded area?
There is a stone staircase leading up here.
Firing (i - inventory. (/) - cycle)
j - 306 poisoned needles (quivered)
Press: ? - help, Shift-Dir - straight line, f/p - gnoll
Aim: a gnoll, wielding a +0 flail of holy wrath and wearing an uncursed ring of protection from magic (moderately wounded)
You shoot a poisoned needle. The poisoned needle hits the gnoll.
The gnoll is moderately wounded.
The gnoll hits you with a +0 flail of holy wrath!
You convulse!
You climb upwards.
There is a stone staircase leading down here.
Things that are here:
a +0 leather armour; a +0 club
There is a stone staircase leading down here.
You climb downwards.
Level annotation: exclusion: iguana, Pikel
There is a stone staircase leading up here.
HP restored.
An orc comes into view. It is wielding a +0 flail.
The orc shouts!
You hear a shout!
An orc wizard comes into view. It is wielding a +0 dagger.
The orc moves out of view.
You hear a shout!
An orc comes into view. It is wielding a +0 falchion.
The orc moves out of view.
Unknown command.
Put on which piece of jewellery? (? for menu, Esc to quit)
Okay, then.
The orc is too close now for your liking.
Firing (i - inventory. (/) - cycle)
j - 305 poisoned needles (quivered)
Press: ? - help, Shift-Dir - straight line, f - orc
Aim: an orc, wielding a +0 flail You shoot a poisoned needle.
The poisoned needle hits the orc.
The orc is poisoned.
Firing (i - inventory. (/) - cycle)
j - 304 poisoned needles (quivered)
Press: ? - help, Shift-Dir - straight line, f/p - orc
Aim: an orc, wielding a +0 flail (poisoned)
You shoot a poisoned needle. The poisoned needle hits the orc.
Firing (i - inventory. (/) - cycle)
j - 303 poisoned needles (quivered)
Press: ? - help, Shift-Dir - straight line, f/p - orc
Aim: an orc, wielding a +0 flail (poisoned)
You shoot a poisoned needle. The poisoned needle hits the orc.
The orc looks more poisoned.
Pikel shouts!
You kill the orc!
Firing (i - inventory. (/) - cycle)
j - 302 poisoned needles (quivered)
Press: ? - help, Shift-Dir - straight line, f - Pikel
Aim: Pikel, wielding a +2 whip of flaming, wearing a +0 robe of positive energy and carrying a wand of iceblast (8)
You shoot a poisoned needle. The poisoned needle hits Pikel.
Pikel is poisoned.
Pikel zaps a wand.
The mass of ice explodes!
The iceblast engulfs you! You partially resist.
You hear a shout!
You hear an angry hiss.
Firing (i - inventory. (/) - cycle)
j - 301 poisoned needles (quivered)
Press: ? - help, Shift-Dir - straight line, f/p - Pikel
Aim: Pikel, wielding a +2 whip of flaming, wearing a +0 robe of positive energy and carrying a wand of iceblast (7) (poisoned)
You shoot a poisoned needle. The poisoned needle hits Pikel.
Pikel looks more poisoned.
Pikel zaps a wand.
The mass of ice explodes!
The iceblast engulfs you! You partially resist.
Pikel zaps a wand.
The mass of ice explodes!
The iceblast engulfs you! You partially resist.
You are too injured to fight recklessly!
Firing (i - inventory. (/) - cycle)
j - 300 poisoned needles (quivered)
Press: ? - help, Shift-Dir - straight line, f/p - Pikel
Aim: Pikel, wielding a +2 whip of flaming, wearing a +0 robe of positive energy and carrying a wand of iceblast (5) (poisoned)
You shoot a poisoned needle.
The poisoned needle barely misses Pikel.
Firing (i - inventory. (/) - cycle)
j - 299 poisoned needles (quivered)
Press: ? - help, Shift-Dir - straight line, f/p - Pikel
Aim: Pikel, wielding a +2 whip of flaming, wearing a +0 robe of positive energy and carrying a wand of iceblast (5) (lightly wounded, poisoned)
You shoot a poisoned needle. The poisoned needle hits Pikel.
Pikel is lightly wounded.
Firing (i - inventory. (/) - cycle)
j - 298 poisoned needles (quivered)
Press: ? - help, Shift-Dir - straight line, f/p - Pikel
Aim: Pikel, wielding a +2 whip of flaming, wearing a +0 robe of positive energy and carrying a wand of iceblast (5) (lightly wounded, poisoned)
You shoot a poisoned needle. The poisoned needle hits Pikel.
Pikel looks more poisoned.
Pikel is lightly wounded.
Pikel zaps a wand.
The mass of ice explodes!
The iceblast engulfs you! You partially resist.
* * * LOW HITPOINT WARNING * * *
Firing (i - inventory. (/) - cycle)
j - 297 poisoned needles (quivered)
Press: ? - help, Shift-Dir - straight line, f/p - Pikel
Aim: Pikel, wielding a +2 whip of flaming, wearing a +0 robe of positive energy and carrying a wand of iceblast (4) (moderately wounded, poisoned)
You shoot a poisoned needle. The poisoned needle hits Pikel.
Pikel is moderately wounded.
Pikel zaps a wand.
The mass of ice explodes!
The iceblast engulfs you! You partially resist.
You die...

########......###
...........##...###
..#######.#####...#
###########.### ###.#
..............# #.# #
#........#.#.# ###.###
#.##........#.#.#
#.....#
...###..####...###.....#
#.......@.............#
#
####..K#####..###.....#
#.###...%# #..# #.....#
###......>######..#
#######
..................#
###......#)###.#..#
#..#####.K##.#..# #.(
##....#..# ## ##..<#..#


You could see Pikel.

Vanquished Creatures
  3 slaves
  A worker ant (D:4)
  A howler monkey skeleton (D:4)
  3 gnolls
  5 adders
  2 adder skeletons
  A worm (D:2)
  7 dart slugs
  5 leopard geckos
  6 orcs
  2 ball pythons
  5 bats
  3 giant cockroaches (D:1)
  4 goblins
  7 hobgoblins
  4 jackals (D:1)
  A quokka (D:4)
  4 frilled lizards
  11 kobolds
  3 rats
78 creatures vanquished.

Notes
Turn   | Place    | Note
-------+----------+-------------------------------------------
     0 | D:1      | MisterOstroum the Mummy Wanderer began the quest for the
                  | Orb.
     0 | D:1      | MisterOstroum set off with the following items: a +2
                  | quarterstaff, a scroll of teleportation {@r3 !r}, a +0
                  | mace, a +0 robe
     0 | D:1      | Reached XP level 1. HP: 15/15 MP: 1/1
   550 | D:1      | Reached XP level 2. HP: 21/21 MP: 2/2
   832 | D:1      | Reached XP level 3. HP: 27/27 MP: 3/3
  1520 | D:2      | Reached skill level 1 in Dodging
  1667 | D:2      | Found a sparkling altar of Nemelex Xobeh.
  1742 | D:2      | Reached XP level 4. HP: 26/34 MP: 4/4
  2237 | D:3      | Noticed a sky beast
  2291 | D:3      | Noticed a sky beast
  2701 | D:3      | Found a glowing silver altar of Zin.
  2797 | D:4      | Noticed a slave
  2922 | D:3      | Found a shattered altar of Ashenzari.
  2926 | D:3      | Found a shimmering altar of Xom.
  2929 | D:3      | Found a glowing golden altar of the Shining One.
  3577 | D:4      | Noticed a slave
  3577 | D:4      | Noticed a slave
  3628 | D:4      | Reached XP level 5. HP: 33/41 MP: 5/5
  4160 | D:3      | Killed a slave
  4299 | D:4      | Noticed Pikel
  4404 | D:4      | Noticed a slave
  4456 | D:4      | Killed a slave
  4658 | D:3      | Killed a slave
  4978 | D:4      | Killed from afar by Pikel

Skill      XL: |  1  2  3  4  5 |
---------------+----------------+-----
Fighting       | 2 3 |  3.5
Dodging        | 1 |  1.7
Stealth        | 2 |  2.3
Staves         | 3 |  3.1
Maces & Flails | |  1.6
Throwing       | |  1.0
Armour         | |  1.5

Action                   |  1- 3 |  4- 6 || total
-------------------------+-------+-------++-------
Melee: Quarterstaff      |    88 |    29 ||   117
       Dagger            |    21 |    67 ||    88
       Whip              |    16 |    16 ||    32
       Spear             |       |    10 ||    10
 Fire: Blowgun           |       |    44 ||    44
Throw: Stone             |    11 |    19 ||    30
  Use: Scroll            |       |     5 ||     5
 Stab: Sleeping          |     2 |     1 ||     3
Armor: Robe              |    10 |       ||    10
       Leather armour    |    28 |    22 ||    50
Dodge: Dodged            |    89 |    75 ||   164
